 Dungeon Crawl Stone Soup version 0.31-a0-978-g1e143483b6 (webtiles) character file.

Game seed: 2783602317105604337

1640 ytrimaz the Covert (level 8, -5/48 HPs)
             Began as an Octopode Shapeshifter on Oct 30, 2023.
             Was an Initiate of Ashenzari.
             Killed from afar by a steam dragon (25 damage)
             ... with a ball of steam
             ... on level 7 of the Dungeon.
             The game lasted 00:05:28 (5416 turns).

ytrimaz the Covert (Octopode Shapeshifter)          Turns: 5416, Time: 00:05:29

Health: -5/48      AC:  1    Str: 19    XL:     8   Next: 99%
Magic:  8/8        EV: 18    Int: 13    God:    Ashenzari [......]
Gold:   354        SH:  0    Dex: 13    Spells: 7/7 levels left

rFire   . .          .
                       - Unarmed
rCold   . . .        (no shield)
rNeg    . . .        (helmet currently unavailable)
rPois   .            (no amulet)
rElec   .            d - +6 ring of strength
rCorr   .            h - ring of see invisible
SInv    +            v - +5 ring of evasion
Will    .....        (no ring)
Stlth   ++++++       (no ring)
HPRegen 0.28/turn    (no ring)
MPRegen 0.11/turn    (no ring)
                     (no ring)

%: no passive effects
@: beast-form
A: beast (slay +3), almost no armour, amphibious, 8 rings, camouflage 1,
gelatinous body 1, (nimble swimmer 1), tentacles
a: Begin Untransformation, Renounce Religion


You were on level 7 of the Dungeon.
You worshipped Ashenzari.
Ashenzari was noncommittal.
You were a hulking beast.
You visited 1 branch of the dungeon, and saw 7 of its levels.

You collected 354 gold pieces.


Innate Abilities, Weirdness & Mutations

You are a hulking beast.
Your limbs bulge with bestial killing power. (Slay +3)
You cannot wear most types of armour.
You are amphibious.
You can wear up to eight rings at the same time.
Your skin changes colour to match your surroundings (Stealth+).
Your rubbery body absorbs attacks. (AC +1, EV +1)
((You are camouflaged when in or above water. (Stealth+)))
You have tentacles for arms and can constrict up to eight enemies at once.


   Skills:
 - Level 1.0 Fighting
 - Level 2.0 Dodging
 - Level 12.1 Stealth
 * Level 5.6 Unarmed Combat
 * Level 5.3 Shapeshifting


You had 7 spell levels left.
You didn't know any spells.
Your spell library contained the following spells:

 Spells                   Type           Power      Damage    Failure   Level
 Slow                     Hex            0%         N/A       30%         1
 Sting                    Tmut/Pois      0%         1d3       30%         1

Inventory:

Jewellery
 d - a +6 ring of strength (left tentacle)
   (You found it on level 1 of the Dungeon)
 h - a ring of see invisible (right tentacle)
   (You found it on level 1 of the Dungeon)
 v - a +5 ring of evasion (on tentacle)
   (You found it on level 6 of the Dungeon)
 w - an amulet of regeneration
   (You found it on level 5 of the Dungeon)
Talismans
 b - a beast talisman
 c - a flux talisman
Wands
 r - a wand of paralysis (7)
   (You found it on level 4 of the Dungeon)
 s - a wand of flame (20)
   (You found it on level 4 of the Dungeon)
 x - a wand of roots (7)
   (You found it on level 5 of the Dungeon)
Scrolls
 e - 7 scrolls of identify {unknown}
 g - 4 scrolls of silence {unknown}
 k - 3 scrolls of fear {unknown}
 l - 2 scrolls of noise {unknown}
 m - a scroll of teleportation {unknown}
 n - a scroll of enchant armour {unknown}
 o - a scroll of enchant weapon {unknown}
 p - 3 scrolls of blinking {unknown}
 t - a scroll of immolation {unknown}
Potions
 a - a potion of lignification
 f - 2 potions of enlightenment {unknown}
 i - a potion of ambrosia {unknown}
 j - a potion of curing
 q - a potion of cancellation {unknown}
 u - a potion of haste {unknown}

Dungeon Overview and Level Annotations

Branches:
Dungeon (7/15) Zot: 26959
 Temple: D:4-7

Altars:
Ashenzari
Elyvilon
Kikubaaqudgha
Nemelex Xobeh
Okawaru
Ru
Sif Muna
Trog

Annotations:
D:6 3 runed translucent doors, Forgeling's ghost, novice OpSh; lotum's ghost, novice BaHu; timneilson's ghost, novice GrFi; zenocrate's ghost, novice VSEn

# .# # #.
.# #.#.###
.# .....#
$#
#.#.##.#
###..<...#
#.......##
#..##.#.#
#. #.#h# #
..#D#
#.##.# ..
..# ...
..#
#..####


You could see a steam dragon (catching breath).


Message History

You constrict the orc warrior, but do no damage.
The orc warrior barely misses you.
You tentacle-slap the orc warrior but do no damage.
You constrict the orc warrior, but do no damage.
The orc warrior completely misses you.
Unknown command.
You completely miss the orc warrior. You squeeze the orc warrior!
You constrict the orc warrior. The orc warrior misses you.
You tentacle-slap the orc warrior but do no damage.
You constrict the orc warrior, but do no damage.
The orc warrior barely misses you.
Unknown command.
You tentacle-slap the orc warrior. You squeeze the orc warrior.
You kill the orc warrior!
Items here: )) [ †.
Unknown command.
There is an empty arch of ancient stone here.
Key pressed, stopping explore.
Done exploring.
Done exploring.
Done exploring.
Done exploring.
Search for what [? for help]? art Search for what [Enter for "art", or ? for help]? ring
There is an escape hatch in the floor here.
There is a stone staircase leading down here.
You climb downwards.
Level annotation: 3 runed translucent doors, Forgeling's ghost, novice OpSh; lotum's ghost, novice BaHu; timneilson's ghost, novice GrFi; zenocrate's ghost, novice VSEn
There is a stone staircase leading up here.
You see here a +0 club.
Items here: ( ))) [[[.
There is a stone staircase leading down here.
You climb downwards.
There is a stone staircase leading up here.
There are monsters nearby!
There are monsters nearby!
Unknown command.
You climb upwards.
Level annotation: 3 runed translucent doors, Forgeling's ghost, novice OpSh; lotum's ghost, novice BaHu; timneilson's ghost, novice GrFi; zenocrate's ghost, novice VSEn
There is a stone staircase leading down here.
There is a stone staircase leading down here.
You climb downwards.
There is a stone staircase leading up here.
An iguana comes into view.
The white imp shouts, "Out, out, thou ducking sheep-biting dingleberry!"
You hear a loud, deep croak!
The white imp hits you. The white imp freezes you.
You hear an angry hiss. 😕 HP[-5]
You take 5 damage, and now have 43/48 hp.
You bludgeon the white imp! Your grab misses the white imp.
The white imp gestures at you. The puff of frost hits you! 😮 HP[-9]
You take 9 damage, and now have 34/48 hp.
You are too injured to fight recklessly!
You are too injured to fight recklessly!
Unknown command.
You barely miss the white imp. Your grab misses the white imp.
The white imp closely misses you.
You tentacle-slap the white imp.
You kill the white imp!
Unknown command.
You start resting.
An iguana is nearby! 😮 HP[+2]
You regained 2 hp, and now have 36/48 hp.
Unknown command. 😕 HP[+1]
You closely miss the iguana.
The iguana hisses angrily.
You grab the iguana.
You constrict the iguana, but do no damage.
The iguana misses you.
You tentacle-slap the iguana. You squeeze the iguana!
You kill the iguana!
Unknown command. 😕 HP[+1]
You start resting.
A steam dragon comes into view.
Unknown command. 😕 HP[+1]
The steam dragon bites you.
The steam dragon barely misses you. 😮 HP[-6]
You take 6 damage, and now have 33/48 hp.
You bludgeon the steam dragon! Your squeeze misses the steam dragon.
The steam dragon bites you!
The steam dragon barely misses you. 😮 HP[-8]
You take 8 damage, and now have 25/48 hp.
Unknown command.
You closely miss the steam dragon. The steam dragon bites you.
* * * LOW HITPOINT WARNING * * *
The steam dragon closely misses you. 😨 HP[-6]
You take 6 damage, and now have 19/48 hp.
You completely miss the steam dragon. The steam dragon breathes steam at you.
The ball of steam hits you!!
Ouch! That really hurt!
You die...

Skill      XL: |  1  2  3  4  5  6  7  8 |
---------------+-------------------------+-----
Stealth        | 2 4 5 6 8 9 12 | 12.1
Unarmed Combat | 5 |  5.6
Shapeshifting  | 5 |  5.3
Fighting       | |  1.0
Dodging        | |  2.0

Action                     |  1- 3 |  4- 6 |  7- 9 || total
---------------------------+-------+-------+-------++-------
  Melee: Unarmed           |    61 |   101 |   108 ||   270
         Constrict         |    14 |    28 |    24 ||    66
         Tentacles         |    11 |    21 |    31 ||    63
         Punch             |       |     3 |     4 ||     7
    Use: Potion            |       |       |     1 ||     1
   Stab: Sleeping          |     7 |    19 |    13 ||    39
         Paralysed         |       |     1 |       ||     1
 Armour: Skin              |    21 |    31 |    42 ||    94
  Dodge: Dodged            |    39 |    53 |    60 ||   152

Levels and vault maps discovered:
D:1:      erik_arrival_orb_chamber, layout_basic, serial_park_tiny_pond
D:2:      layout_rooms
D:3:      minmay_recursive_quarters, layout_basic,
          nicolae_ru_great_annihilating_truth, okawaru_metal_pillars_1_2,
          chequers_ecumenical_altar_simple
D:4:      nicolae_cairo_tiling_large, layout_basic, kiku_gazebo_garden_becter,
          nemelex_xobeh_ov_fountains_minmay, mainiacjoe_overflow_alcove_1,
          feat_on_display
D:5:      layout_loops_ring, nzn_overflow_gifts_of_might_and_magic,
          ashenzari_altar_1
D:6:      layout_loops_ring, gammafunk_ghost_cemetery, st_stairs_2,
          uniq_duvessa, uniq_grinder
D:7:      layout_loops_cross, minmay_temple_entry_butterflies, uniq_menkaure,
          uniq_crazy_yiuf_cottage, uniq_prince_ribbit1

Notes
Turn   | Place    | Note
-------+----------+-------------------------------------------
     0 | D:1      | ytrimaz the Octopode Shapeshifter began the quest for the
                  | Orb.
     0 | D:1      | Reached XP level 1. HP: 13/13 MP: 1/1
     0 | D:1      | magus.rc [v1.9.6]
    19 | D:1      | Reached skill level 1 in Stealth
   163 | D:1      | Reached skill level 2 in Stealth
   255 | D:1      | Reached XP level 2. HP: 18/18 MP: 2/2
   375 | D:1      | Reached skill level 3 in Stealth
   803 | D:2      | Reached skill level 4 in Stealth
   803 | D:2      | Reached XP level 3. HP: 23/23 MP: 3/3
  1103 | D:2      | Reached skill level 5 in Stealth
  1219 | D:2      | Reached XP level 4. HP: 28/28 MP: 4/4
  1714 | D:3      | Reached skill level 6 in Stealth
  1738 | D:3      | HP: 7/28 [worm (3)]
  1897 | D:3      | Found a sacrificial altar of Ru.
  1901 | D:3      | Reached XP level 5. HP: 33/33 MP: 5/5
  1993 | D:3      | Reached skill level 7 in Stealth
  2043 | D:3      | Found an iron altar of Okawaru.
  2063 | D:3      | Found a faded altar of an unknown god.
  2153 | D:3      | Reached skill level 8 in Stealth
  2392 | D:4      | Reached XP level 6. HP: 38/38 MP: 6/6
  2728 | D:4      | Found a white marble altar of Elyvilon.
  2791 | D:4      | Found a sparkling altar of Nemelex Xobeh.
  2944 | D:4      | Found an ancient bone altar of Kikubaaqudgha.
  2961 | D:4      | Reached skill level 9 in Stealth
  3299 | D:5      | Identified the "Zyloh"
  3299 | D:5      | Identified the "Viloulu"
  3299 | D:5      | Entered Level 5 of the Dungeon
  3395 | D:5      | HP: 6/38 [acid (8)]
  3544 | D:5      | You fall into a shaft and drop 1 floor!
  3564 | D:6      | Noticed a black bear
  3571 | D:6      | Reached XP level 7. HP: 37/43 MP: 7/7
  3575 | D:6      | Reached skill level 10 in Stealth
  3647 | D:6      | Noticed Grinder
  3693 | D:6      | Paralysed by Grinder for 4 turns
  3701 | D:6      | Killed Grinder
  3702 | D:6      | Reached skill level 11 in Stealth
  3759 | D:6      | Reached skill level 12 in Stealth
  3844 | D:6      | Reached XP level 8. HP: 45/48 MP: 8/8
  4223 | D:6      | Reached skill level 4 in Unarmed Combat
  4319 | D:6      | Found a runed translucent gate.
  4319 | D:6      | Found a runed translucent gate.
  4320 | D:6      | Found a runed translucent gate.
  4321 | D:6      | Noticed timneilson's ghost (novice GrFi)
  4322 | D:6      | Noticed lotum's ghost (novice BaHu)
  4322 | D:6      | Noticed zenocrate's ghost (novice VSEn)
  4323 | D:6      | Noticed Forgeling's ghost (novice OpSh)
  4500 | D:6      | Reached skill level 4 in Shapeshifting
  4577 | D:6      | Noticed Duvessa
  4577 | D:6      | Noticed Dowan
  4602 | D:6      | Killed Duvessa
  4615 | D:6      | Killed Dowan
  4883 | D:5      | Found a broken altar of Ashenzari.
  4891 | D:5      | Became a worshipper of Ashenzari the Shackled
  5036 | D:5      | Reached skill level 5 in Unarmed Combat
  5097 | D:5      | Reached skill level 5 in Shapeshifting
  5257 | D:5      | Found a shimmering blue altar of Sif Muna.
  5285 | D:5      | You add the spells Slow and Sting to your library.
  5290 | D:5      | Found a bloodstained altar of Trog.
  5376 | D:7      | Noticed a wyvern
  5416 | D:7      | Killed from afar by a steam dragon

Vanquished Creatures
  Grinder (D:6)
  A water moccasin (D:5)
  Duvessa (D:6)
  An orc warrior (D:5)
  A black bear (D:6)
  An ogre (D:4)
  A phantom (D:6)
  A centaur (D:6)
  A bullfrog (D:6)
  2 scorpions
  Dowan (D:6)
  A howler monkey (D:6)
  3 hounds
  A jelly (D:5)
  4 orc wizards
  2 sleepcaps (D:6)
  3 iguanas
  9 adders
  A shadow imp (D:3)
  2 white imps
  5 worms
  10 orcs
  2 bats
  7 endoplasms
  5 giant cockroaches
  11 goblins
  5 hobgoblins
  3 jackals (D:2)
  11 kobolds
  4 quokkas
  5 ball pythons
  5 frilled lizards
  5 rats
116 creatures vanquished.

Table legend:
 A = Non-vault XP
 B = Vault XP
 C = Vault XP percentage of total XP
 D = Non-vault monster count
 E = Vault monster count
 F = Vault count percentage of total count
                 A         B        C        D         E       F
            +---------+---------+-------+---------+---------+-------
      Total |    1495 |     848 |  36.2 |      97 |      19 |  16.4
            +---------+---------+-------+---------+---------+-------
        D:1 |      27 |       0 |   0.0 |      16 |       0 |   0.0
        D:2 |      78 |       0 |   0.0 |      25 |       0 |   0.0
        D:3 |     154 |      56 |  26.7 |      19 |      11 |  36.7
        D:4 |     169 |       0 |   0.0 |       9 |       0 |   0.0
        D:5 |     406 |     163 |  28.6 |      12 |       2 |  14.3
        D:6 |     614 |     629 |  50.6 |      14 |       6 |  30.0
        D:7 |      47 |       0 |   0.0 |       2 |       0 |   0.0
            +---------+---------+-------+---------+---------+-------

Skill      XL: |  1  2  3  4  5  6  7  8 |
---------------+-------------------------+-----
Stealth        | 2 4 5 6 8 9 12 | 12.1
Unarmed Combat | 5 |  5.6
Shapeshifting  | 5 |  5.3
Fighting       | |  1.0
Dodging        | |  2.0

Action                     |  1- 3 |  4- 6 |  7- 9 || total
---------------------------+-------+-------+-------++-------
  Melee: Unarmed           |    61 |   101 |   108 ||   270
         Constrict         |    14 |    28 |    24 ||    66
         Tentacles         |    11 |    21 |    31 ||    63
         Punch             |       |     3 |     4 ||     7
    Use: Potion            |       |       |     1 ||     1
   Stab: Sleeping          |     7 |    19 |    13 ||    39
         Paralysed         |       |     1 |       ||     1
 Armour: Skin              |    21 |    31 |    42 ||    94
  Dodge: Dodged            |    39 |    53 |    60 ||   152

Illustrated notes

Table legend:
 A = Kills in this place as a percentage of kills in the entire game.
 B = Kills by you in this place as a percentage of kills by you in the entire game.
 C = Kills by friends in this place as a percentage of kills by friends in the entire game.
 D = Other kills in this place as a percentage of other kills in the entire game.
 E = Experience gained in this place as a percentage of experience gained in the entire game.
 F = Experience gained in this place divided by the number of levels of this place that you have seen.
                   A       B       C       D       E      F
               +-------+-------+-------+-------+-------+----------------------
         Total | 100.0 | 100.0 |   N/A |   N/A | 100.0 | 334.7
       Dungeon | 100.0 | 100.0 |   N/A |   N/A | 100.0 | 334.7
               +-------+-------+-------+-------+-------+----------------------

Table legend: (Time is in decaauts)
 A = Elapsed time spent in this place.
 B = Non-inter-level travel time spent in this place.
 C = Inter-level travel time spent in this place.
 D = Time resting spent in this place.
 E = Time spent auto-exploring this place.
 F = Levels seen in this place.
 G = Mean time per level.
                   A        B        C        D        E       F      G
               +--------+--------+--------+--------+--------+-----+--------+
         Total |   5397 |   5197 |    200 |     10 |   4296 |   7 |  771.0 |
       Dungeon |   5397 |   5197 |    200 |     10 |   4296 |   7 |  771.0 |
               +--------+--------+--------+--------+--------+-----+--------+

Top non-repeatable levels by time:
     D:6: 1278 daAuts
     D:3: 972 daAuts
     D:4: 921 daAuts
     D:5: 803 daAuts
     D:1: 785 daAuts
     D:2: 609 daAuts
     D:7: 25 daAuts
